TOP OF THE 1ST |
University of Georgia Bulldogs batting - Pitching for University of Nebraska Cornhuskers : RHP Harry Harper
|
Pitching: RHP Harry Harper
|
|
Batting: LHB Sloan Rayner
|
0-0: Ball 1-0: Ball 2-0: Called Strike 2-1: Foul Ball, location: 2F 2-2: Ball 3-2: Foul Ball, location: 2F 3-2: Fly out, F8 (Line Drive, 8LM, EV 88.1 MPH)
|
Batting: RHB James Warby
|
0-0: Ball 1-0: Ball 2-0: Ball 3-0: Base on Balls
|
Batting: LHB Cole Sanchez
|
0-0: Ball James Warby is caught stealing 2nd base 2-6 1-0: Swinging Strike 1-1: Swinging Strike 1-2: Foul Ball, location: 2F 1-2: Foul Ball, location: 2F 1-2: Ball 2-2: Strikes out looking
|
Top of the 1st over - 0 runs, 0 hits, 0 errors, 0 left on base; University of Georgia 0 - University of Nebraska 0 |
BOTTOM OF THE 1ST |
University of Nebraska Cornhuskers batting - Pitching for University of Georgia Bulldogs : LHP Victor Grijalva
|
Pitching: LHP Victor Grijalva
|
|
Batting: SHB Gary Luckwell
|
0-0: Called Strike 0-1: Ball 1-1: Ball 2-1: Foul Ball, location: 2F 2-2: Strikes out swinging
|
Batting: RHB Danny Forbes
|
0-0: Swinging Strike 0-1: Ball 1-1: Foul Ball, location: 2F 1-2: Strikes out looking
|
Batting: LHB Bob Appleby
|
0-0: SOLO HOME RUN (Flyball, 9D, EV 95.0 MPH), Distance : 364 ft
|
Batting: RHB Mario Lopec
|
0-0: Called Strike 0-1: Swinging Strike 0-2: Foul Ball, location: 2F 0-2: Ball 1-2: Foul Ball, location: 2F 1-2: Strikes out looking
|
Bottom of the 1st over - 1 run, 1 hit, 0 errors, 0 left on base; University of Georgia 0 - University of Nebraska 1 |
TOP OF THE 2ND |
University of Georgia Bulldogs batting - Pitching for University of Nebraska Cornhuskers : RHP Harry Harper
|
Batting: LHB Andy Dyer
|
0-0: Fly out, F7 (Flyball, 7S, EV 87.5 MPH)
|
Batting: LHB Luis Mejia
|
0-0: Ball 1-0: Called Strike 1-1: Swinging Strike 1-2: Strikes out swinging
|
Batting: LHB Bryan Ross
|
0-0: Foul Ball, location: 2F 0-1: Foul Ball, location: 2F 0-2: Ball 1-2: Ball 2-2: Ground out U3 (Groundball, 3L, EV 90.6 MPH)
|
Top of the 2nd over - 0 runs, 0 hits, 0 errors, 0 left on base; University of Georgia 0 - University of Nebraska 1 |
BOTTOM OF THE 2ND |
University of Nebraska Cornhuskers batting - Pitching for University of Georgia Bulldogs : LHP Victor Grijalva
|
Batting: RHB Matt Peters
|
0-0: Called Strike 0-1: Foul Ball, location: 2F 0-2: Foul Ball, location: 2F 0-2: Foul Ball, location: 2F 0-2: Ball 1-2: Strikes out swinging
|
Batting: LHB Kevin Brannon
|
0-0: Ball 1-0: Ground out 3-1 (Groundball, 34S, EV 80.0 MPH)
|
Batting: RHB Carlos Salazar
|
0-0: Ball 1-0: Called Strike 1-1: Foul Ball, location: 2F 1-2: Strikes out swinging, 2-3 out at first.
|
Bottom of the 2nd over - 0 runs, 0 hits, 0 errors, 0 left on base; University of Georgia 0 - University of Nebraska 1 |
TOP OF THE 3RD |
University of Georgia Bulldogs batting - Pitching for University of Nebraska Cornhuskers : RHP Harry Harper
|
Batting: RHB Javier Alcorta
|
0-0: Called Strike 0-1: Ball 1-1: Called Strike 1-2: Ground out 5-3 (Groundball, 5, EV 110.6 MPH)
|
Batting: RHB Jeff Wornick
|
0-0: Foul Ball, location: 2F 0-1: Ball 1-1: Ball 2-1: Hit by Pitch
|
Pinch Runner at 1st Albert Rodriguez:
|
|
Batting: LHB Edwin Zavala
|
0-0: Called Strike Albert Rodriguez steals 2nd, throwing error, E2 Albert Rodriguez to third 0-1: Foul Ball, location: 2F 0-2: Foul Ball, location: 2F 0-2: Ball 1-2: Fly out, F8 (Flyball, 8LM, EV 80.0 MPH) Runner from 3rd tags up, SCORES, throw by CF
|
Batting: LHB Sloan Rayner
|
0-0: Foul Ball, location: 2F 0-1: Ball 1-1: Ball 2-1: Ground out 4-3 (Groundball, 4D, EV 100.6 MPH)
|
Top of the 3rd over - 1 run, 0 hits, 1 error, 0 left on base; University of Georgia 1 - University of Nebraska 1 |
BOTTOM OF THE 3RD |
University of Nebraska Cornhuskers batting - Pitching for University of Georgia Bulldogs : LHP Victor Grijalva
|
Now at 2B: Albert Rodriguez
|
|
Batting: RHB Tariq Garane
|
0-0: Called Strike 0-1: Ball 1-1: Swinging Strike 1-2: Foul Ball, location: 2F 1-2: Fly out, F8 (Flyball, 8RS, EV 87.5 MPH)
|
Batting: SHB Andy Henn
|
0-0: Ball 1-0: Ball 2-0: Called Strike 2-1: Ball 3-1: Foul Ball, location: 2F 3-2: Strikes out looking
|
Batting: SHB Gary Luckwell
|
0-0: Foul Ball, location: 2F 0-1: Ball 1-1: Ball 2-1: Foul Ball, location: 2F 2-2: Foul Ball, location: 2F 2-2: Fly out, F6 (Line Drive, 6M, EV 75.6 MPH)
|
Bottom of the 3rd over - 0 runs, 0 hits, 0 errors, 0 left on base; University of Georgia 1 - University of Nebraska 1 |
TOP OF THE 4TH |
University of Georgia Bulldogs batting - Pitching for University of Nebraska Cornhuskers : RHP Harry Harper
|
Batting: RHB James Warby
|
0-0: Ball 1-0: Foul Ball, location: 2F 1-1: Ball 2-1: Foul Ball, location: 2F 2-2: Ball 3-2: Base on Balls
|
Batting: LHB Cole Sanchez
|
0-0: Called Strike 0-1: Called Strike James Warby steals 2nd, throwing error, E2 James Warby to third 0-2: Foul Ball, location: 2F 0-2: Ball 1-2: Ball 2-2: Ground out 6-3 (Groundball, 6M, EV 103.8 MPH) James Warby scores
|
Batting: LHB Andy Dyer
|
0-0: Swinging Strike 0-1: Foul Ball, location: 2F 0-2: Strikes out looking
|
Batting: LHB Luis Mejia
|
0-0: Ball 1-0: Ball 2-0: Called Strike 2-1: Ground out 4-3 (Groundball, 4, EV 88.1 MPH)
|
Top of the 4th over - 1 run, 0 hits, 1 error, 0 left on base; University of Georgia 2 - University of Nebraska 1 |
BOTTOM OF THE 4TH |
University of Nebraska Cornhuskers batting - Pitching for University of Georgia Bulldogs : LHP Victor Grijalva
|
Batting: RHB Danny Forbes
|
0-0: Called Strike 0-1: Ball 1-1: Swinging Strike 1-2: Foul Ball, location: 2F 1-2: Strikes out looking
|
Batting: LHB Bob Appleby
|
0-0: Swinging Strike 0-1: Foul Ball, location: 2F 0-2: Ball 1-2: Foul Ball, location: 2F 1-2: Ball 2-2: Ball 3-2: Foul Ball, location: 2F 3-2: Foul Ball, location: 2F 3-2: Foul Ball, location: 2F 3-2: Strikes out swinging
|
Batting: RHB Mario Lopec
|
0-0: Ground out 5-3 (Groundball, 56S, EV 67.5 MPH)
|
Bottom of the 4th over - 0 runs, 0 hits, 0 errors, 0 left on base; University of Georgia 2 - University of Nebraska 1 |
TOP OF THE 5TH |
University of Georgia Bulldogs batting - Pitching for University of Nebraska Cornhuskers : RHP Harry Harper
|
Batting: LHB Bryan Ross
|
0-0: Ball 1-0: Ground out 6-3 (Groundball, 6S, EV 85.6 MPH)
|
Batting: RHB Javier Alcorta
|
0-0: Called Strike 0-1: Swinging Strike 0-2: Strikes out swinging
|
Batting: RHB Albert Rodriguez
|
0-0: Called Strike 0-1: Ball 1-1: Foul Ball, location: 2F 1-2: Ground out U3 (Groundball, 3, EV 108.8 MPH)
|
Top of the 5th over - 0 runs, 0 hits, 0 errors, 0 left on base; University of Georgia 2 - University of Nebraska 1 |
BOTTOM OF THE 5TH |
University of Nebraska Cornhuskers batting - Pitching for University of Georgia Bulldogs : LHP Victor Grijalva
|
Batting: RHB Matt Peters
|
0-0: Ground out 5-3 (Groundball, 5L, EV 99.4 MPH)
|
Pitching: RHP Pacu Panic
|
|
Batting: LHB Kevin Brannon
|
0-0: Ball 1-0: Called Strike 1-1: Foul Ball, location: 2F 1-2: Strikes out looking
|
Batting: RHB Carlos Salazar
|
0-0: Ball 1-0: Ball 2-0: Called Strike 2-1: SINGLE (Line Drive, 7S, EV 102.5 MPH)
|
Batting: RHB Tariq Garane
|
0-0: Ball Carlos Salazar is caught stealing 2nd base 2-4
|
Bottom of the 5th over - 0 runs, 1 hit, 0 errors, 0 left on base; University of Georgia 2 - University of Nebraska 1 |
TOP OF THE 6TH |
University of Georgia Bulldogs batting - Pitching for University of Nebraska Cornhuskers : RHP Harry Harper
|
Batting: LHB Edwin Zavala
|
0-0: Called Strike 0-1: Foul Ball, location: 2F 0-2: Strikes out swinging
|
Pitching: RHP Alessandro Cuoco
|
|
Batting: LHB Sloan Rayner
|
0-0: Ball 1-0: Called Strike 1-1: Foul Ball, location: 2F 1-2: Ball 2-2: Strikes out looking
|
Batting: RHB James Warby
|
0-0: Called Strike 0-1: Ball 1-1: Ball 2-1: Foul Ball, location: 2F 2-2: Ground out 6-3 (Groundball, 6MD, EV 82.5 MPH)
|
Top of the 6th over - 0 runs, 0 hits, 0 errors, 0 left on base; University of Georgia 2 - University of Nebraska 1 |
BOTTOM OF THE 6TH |
University of Nebraska Cornhuskers batting - Pitching for University of Georgia Bulldogs : RHP Pacu Panic
|
Batting: RHB Tariq Garane
|
0-0: Ball 1-0: Ball 2-0: Called Strike 2-1: Called Strike 2-2: Ground out 6-3 (Groundball, 6, EV 106.9 MPH)
|
Batting: SHB Andy Henn
|
0-0: Swinging Strike 0-1: Ground out 4-3 (Groundball, 4, EV 86.9 MPH)
|
Batting: SHB Gary Luckwell
|
0-0: Ball 1-0: Ground out 6-3 (Groundball, 4M, EV 111.9 MPH)
|
Bottom of the 6th over - 0 runs, 0 hits, 0 errors, 0 left on base; University of Georgia 2 - University of Nebraska 1 |
TOP OF THE 7TH |
University of Georgia Bulldogs batting - Pitching for University of Nebraska Cornhuskers : RHP Alessandro Cuoco
|
Batting: LHB Cole Sanchez
|
0-0: Called Strike 0-1: Foul Ball, location: 2F 0-2: Ball 1-2: Strikes out swinging
|
Pitching: LHP Peter Parker
|
|
Batting: LHB Andy Dyer
|
0-0: Called Strike 0-1: Swinging Strike 0-2: Strikes out swinging, 2-3 out at first.
|
Batting: LHB Luis Mejia
|
0-0: Ball 1-0: Foul Ball, location: 2F 1-1: Ground out U3 (Groundball, 3, EV 91.2 MPH)
|
Top of the 7th over - 0 runs, 0 hits, 0 errors, 0 left on base; University of Georgia 2 - University of Nebraska 1 |
BOTTOM OF THE 7TH |
University of Nebraska Cornhuskers batting - Pitching for University of Georgia Bulldogs : RHP Pacu Panic
|
Batting: RHB Danny Forbes
|
0-0: Called Strike 0-1: DOUBLE (Flyball, 8RXD, EV 110.0 MPH)
|
Pitching: LHP Bill McIntyre
|
|
Batting: LHB Bob Appleby
|
0-0: Ball 1-0: Ball 2-0: Fly out, F9 (Flyball, 9, EV 71.2 MPH)
|
Pitching: LHP Marty Sadler
|
|
Batting: RHB Mario Lopec
|
0-0: Ball 1-0: Foul Ball, location: 2F 1-1: Foul Ball, location: 2F 1-2: Ground out 6-3 (Groundball, 6, EV 101.2 MPH)
|
Batting: RHB Matt Peters
|
0-0: Foul Ball, location: 2F 0-1: Ground out 5-3 (Groundball, 56S, EV 91.2 MPH)
|
Bottom of the 7th over - 0 runs, 1 hit, 0 errors, 1 left on base; University of Georgia 2 - University of Nebraska 1 |
TOP OF THE 8TH |
University of Georgia Bulldogs batting - Pitching for University of Nebraska Cornhuskers : LHP Peter Parker
|
Batting: LHB Bryan Ross
|
0-0: Foul Ball, location: 2F 0-1: Foul Ball, location: 2F 0-2: Ball 1-2: Ball 2-2: Ball 3-2: Ground out 6-3 (Groundball, 6, EV 83.8 MPH)
|
Pitching: RHP Jorge Morales
|
|
Batting: RHB Javier Alcorta
|
0-0: Ball 1-0: Swinging Strike 1-1: Ball 2-1: Called Strike 2-2: Foul Ball, location: 2F 2-2: Foul Ball, location: 2F 2-2: Ball 3-2: Foul Ball, location: 2F 3-2: DOUBLE (Line Drive, 9LM, EV 88.1 MPH)
|
Batting: RHB Albert Rodriguez
|
0-0: Called Strike 0-1: Ball 1-1: Ball Wild Pitch! Javier Alcorta to third Squeeze bunt is on, Javier Alcorta is out 2-2: Ball 3-2: Foul Ball, location: 2F 3-2: Fly out, F4 (Popup, 4MD, EV 39.4 MPH)
|
Top of the 8th over - 0 runs, 1 hit, 0 errors, 0 left on base; University of Georgia 2 - University of Nebraska 1 |
BOTTOM OF THE 8TH |
University of Nebraska Cornhuskers batting - Pitching for University of Georgia Bulldogs : LHP Marty Sadler
|
Batting: LHB Kevin Brannon
|
0-0: Ball 1-0: Called Strike 1-1: Foul Ball, location: 2F 1-2: Foul Ball, location: 2F 1-2: Strikes out swinging
|
Batting: RHB Carlos Salazar
|
0-0: Ball 1-0: Ball 2-0: Ball 3-0: Base on Balls
|
Batting: RHB Tariq Garane
|
0-0: Grounds into double play, 6-4-3 (Groundball, 6, EV 105.0 MPH)
|
Bottom of the 8th over - 0 runs, 0 hits, 0 errors, 0 left on base; University of Georgia 2 - University of Nebraska 1 |
TOP OF THE 9TH |
University of Georgia Bulldogs batting - Pitching for University of Nebraska Cornhuskers : RHP Jorge Morales
|
Batting: LHB Edwin Zavala
|
0-0: Called Strike 0-1: Ball 1-1: Called Strike 1-2: Ball 2-2: Ball 3-2: Strikes out swinging
|
Batting: LHB Sloan Rayner
|
0-0: Ball 1-0: Ball 2-0: Ball 3-0: Called Strike 3-1: Ground out 4-3 (Groundball, 4, EV 87.5 MPH)
|
Batting: RHB James Warby
|
0-0: Called Strike 0-1: Ground out 6-3 (Groundball, 56, EV 101.2 MPH)
|
Top of the 9th over - 0 runs, 0 hits, 0 errors, 0 left on base; University of Georgia 2 - University of Nebraska 1 |
BOTTOM OF THE 9TH |
University of Nebraska Cornhuskers batting - Pitching for University of Georgia Bulldogs : LHP Marty Sadler
|
Pitching: RHP Guo Tien
|
|
Batting: SHB Andy Henn
|
0-0: Ball 1-0: Ball 2-0: Ball 3-0: Called Strike 3-1: Foul Ball, location: 2F 3-2: Fly out, F8 (Flyball, 8LD, EV 88.1 MPH)
|
Batting: SHB Gary Luckwell
|
0-0: Foul Ball, location: 2F 0-1: Ball 1-1: Ball 2-1: Swinging Strike 2-2: Ball 3-2: Ground out 4-3 (Groundball, 4, EV 81.2 MPH)
|
Batting: RHB Danny Forbes
|
0-0: Called Strike 0-1: Ball 1-1: Called Strike 1-2: Fly out, F8 (Flyball, 8RD, EV 101.2 MPH)
|
Bottom of the 9th over - 0 runs, 0 hits, 0 errors, 0 left on base; University of Georgia 2 - University of Nebraska 1 |
|